 Dungeon Crawl Stone Soup version 0.30-a0-568-g124715a40b (webtiles) character file.

Game seed: 12941469160444859787

5 benadryl the Magician (level 1, 0/16 HPs)
             Began as a Djinni Hedge Wizard on Dec 28, 2022.
             Slain by an endoplasm (1 damage)
             ... on level 1 of the Dungeon.
             The game lasted 00:00:58 (273 turns).

benadryl the Magician (Djinni Hedge Wizard)          Turns: 273, Time: 00:00:59

Health: 0/16       AC:  2    Str:  9    XL:     1   Next: 88%
Gold:   19         EV: 12    Int: 15    God:
                   SH:  0    Dex: 12

rFire   + + .      SeeInvis .    a - +0 dagger
rCold   x . .      Faith    .    (no shield)
rNeg    . . .      Spirit   .    b - +0 robe
rPois   ∞          Reflect  .    c - +0 hat
rElec   .          Harm     .    (no cloak)
rCorr   .          Rampage  .    (no gloves)
Will    .....                    (boots unavailable)
Stlth   ++                       (no amulet)
HPRegen 0.22/turn                (no ring)
MPRegen 0.00/turn                (no ring)

@: flying, invisible
A: sickness immunity, fire resistance 2, cold vulnerability 1, float, innate
caster, HP casting, extra vitality 1, deterioration 1, robust 1, evolution 1
a: no special abilities


You were on level 1 of the Dungeon.
You visited 1 branch of the dungeon, and saw 1 of its levels.

You collected 19 gold pieces.

Inventory:

Hand Weapons
 a - a +0 dagger (weapon)
Armour
 b - a +0 robe (worn)
 c - a +0 hat (worn)
Potions
 d - 2 potions of magic


   Skills:
 + Level 0.3 Fighting
 + Level 2.3 Dodging
 + Level 1.7 Stealth
 * Level 2.5 Spellcasting


You couldn't memorise any spells.
You knew the following spells:

 Your Spells              Type           Power      Damage    Failure   Level
a - Magic Dart            Conj           36%        1d4       8%          1
b - Slow                  Hex            36%        N/A       8%          1
c - Blink                 Tloc           18%        N/A       11%         2
d - Call Imp              Summ           9%         N/A       11%         2
e - Cigotuvi's Dreadful   Necr/Pois/Air  18%        N/A       11%         2
f - Mephitic Cloud        Conj/Pois/Air  9%         N/A       22%         3
Your spell library was empty.

Dungeon Overview and Level Annotations

Branches:
Dungeon (1/15)

Altars:


Innate Abilities, Weirdness & Mutations

You are immune to sickness and miasma.
You are immune to poison.
Your flesh is very heat resistant. (rF++)
You are vulnerable to cold. (rC-)
You float through the air rather than walking.
You learn spells naturally, not from books.
Your magical power is your life essence.
You have superior vitality. (+4 MHP)
Your body sometimes deteriorates upon taking damage.
You are robust. (+10% HP)
You have hidden genetic potential.


Message History

The jackal is attracted toward you. The jackal is attracted toward you. x2
The jackal is attracted toward you. x2
The jackal barks!
You hear a bark!
The jackal barely misses you. The jackal is attracted toward you. x2
The jackal is attracted toward you. x3
The jackal is attracted toward you. x3
A bat comes into view.
The bat moves out of view.
The jackal is attracted toward you. x2
A kobold comes into view. It is wielding a +0 dagger.
The kobold moves out of view.
The jackal is attracted toward you. x2
The jackal is attracted toward you. x2; The kobold is attracted toward you.
The bat is attracted toward you. The jackal is attracted toward you.
The jackal barks!
The kobold shouts!
A rat comes into view.
The endoplasm is attracted toward you. The rat is attracted toward you.
You see here a +0 robe.
The bat hits you.
* * * LOW HITPOINT WARNING * * *
The bat misses you. The endoplasm is attracted toward you.
The endoplasm is attracted toward you. The jackal is attracted toward you. x2
The bat hits you but does no damage. The bat barely misses you.
The jackal barely misses you. The bat hits you.
* * * LOW HITPOINT WARNING * * *
The jackal is attracted toward you. The endoplasm attacks as you move away!
The endoplasm barely misses you.
An endoplasm comes into view.
The bat barely misses you.
The kobold throws a stone.
The stone closely misses the jackal.
The stone completely misses the bat.
The stone hits you but does no damage. The endoplasm is attracted toward you.
The jackal is attracted toward you.
You feel less attractive to monsters. The bat hits you.
* * * LOW HITPOINT WARNING * * *
The bat misses you. The endoplasm hits you.
* * * LOW HITPOINT WARNING * * *
There is a stone staircase leading down here.
The jackal closely misses you. The bat barely misses you.
The jackal closely misses you. The endoplasm hits you.
You die...

#.#...#)..#..#*,*
#.#.§.#...#..#*,*
#.#.#........#*,*
#.#.#..§#§#§###.#
#.#.#...#.......#
#.#.#...#Kh.#####
*,#.#...#.h## ******
*,#.#...Jhb####...,*
*,#.#.#.##@J......,*
*,*,#.#....####...,*
*,*,*,#....#,,*,,,,*
*,*,*....#.#,,*,,,,*
**+*,######.#,,*,****
*,,,,,,,,,..#,,*,*
*,,,,*****###,,*,*
*,,,,+,,,,,,,,,*,*
*,,,,********,**,*


You could see 2 endoplasms, 3 jackals, a bat and a kobold (unable to see you).

Vanquished Creatures
  2 jackals (D:1)
  2 bats (D:1)
  A rat (D:1)
5 creatures vanquished.

Notes
Turn   | Place    | Note
-------+----------+-------------------------------------------
     0 | D:1      | benadryl the Djinni Hedge Wizard began the quest for the
                  | Orb.
     0 | D:1      | benadryl set off with the following spells memorised: Magic
                  | Dart, Slow, Blink, Call Imp, Cigotuvi's Dreadful Rot,
                  | Mephitic Cloud.
     0 | D:1      | Reached XP level 1. HP: 15/15 MP: 0/0
   254 | D:1      | Gained mutation: Your body sometimes deteriorates upon
                  | taking damage. [potion of mutation]
   254 | D:1      | Gained mutation: You are robust. (+10% HP) [potion of
                  | mutation]
   254 | D:1      | Gained mutation: You have hidden genetic potential. [potion
                  | of mutation]
   273 | D:1      | Slain by an endoplasm

Illustrated notes

Levels and vault maps discovered:
D:1:      minmay_arrival_jagged, layout_basic

Action                   || total
-------------------------++-------
Melee: Dagger            ||    25
 Cast: Magic Dart        ||     4
  Use: Potion            ||     4
       Scroll            ||     2
 Stab: Sleeping          ||     1
Armor: Robe              ||    16
Dodge: Dodged            ||    44

Table legend: (Time is in decaauts)
 A = Elapsed time spent in this place.
 B = Non-inter-level travel time spent in this place.
 C = Inter-level travel time spent in this place.
 D = Time resting spent in this place.
 E = Time spent auto-exploring this place.
 F = Levels seen in this place.
 G = Mean time per level.
                   A        B        C        D        E       F      G
               +--------+--------+--------+--------+--------+-----+--------+
         Total |    273 |    273 |      0 |      0 |    185 |   1 |  273.0 |
       Dungeon |    273 |    273 |      0 |      0 |    185 |   1 |  273.0 |
               +--------+--------+--------+--------+--------+-----+--------+

Top non-repeatable levels by time:
     D:1: 273 daAuts
